 Dungeon Crawl Stone Soup version 0.20-a0-837-g0f21a4d (webtiles) character file.

100 M4edhros the Gusty (level 4, -1/24 HPs)
             Began as a Tengu Air Elementalist on Mar 8, 2017.
             Killed from afar by Blork the orc (9 damage)
             ... with a puff of flame
             ... on level 4 of the Dungeon.
             The game lasted 00:01:43 (970 turns).

M4edhros the Gusty (Tengu Air Elementalist)          Turns: 970, Time: 00:01:45

Health: -1/24      AC:  2    Str:  9    XL:     4   Next: 74%
Magic:  3/8        EV: 12    Int: 16    God:
Gold:   39         SH:  0    Dex: 14    Spells: 6/7 levels left

rFire    . . .     SeeInvis .   g - +1 hand axe (chop)
rCold    . . .     Gourm    .   a - +0 robe
rNeg     + . .     Faith    .   (no shield)
rPois    .         Spirit   .   (helmet restricted)
rElec    .         Reflect  .   (no cloak)
rCorr    .         Harm     .   (no gloves)
MR       .....                  (boots unavailable)
Stlth    ++........             (no amulet)
Regen    0.1/turn               (no ring)
MPRegen  0.2/turn               h - ring of positive energy

@: no status effects
A: beak, talons 3
a: no special abilities


You were on level 4 of the Dungeon.
You were hungry.

You visited 1 branch of the dungeon, and saw 4 of its levels.

You collected 39 gold pieces.

Inventory:

Hand Weapons
 g - a +1 hand axe of chopping (weapon)
Armour
 a - a +0 robe (worn)
Magical Staves
 i - an uncursed staff of poison
Jewellery
 h - a ring of positive energy (left hand)
Scrolls
 e - a scroll of enchant weapon {unknown}
 f - a scroll of identify {unknown}
Potions
 d - a potion of curing
Books
 b - a book of Air

   Spells                             Type                      Level
   a - Shock                          Conjuration/Air              1
   b - Swiftness                      Charms/Air                   2
   c - Static Discharge               Conjuration/Air              3
   d - Airstrike                      Air                          4
   e - Lightning Bolt                 Conjuration/Air              5
Comestibles
 c - 2 bread rations


   Skills:
 - Level 2.1 Dodging
 - Level 2.0 Stealth
 - Level 2.0 Spellcasting
 - Level 1.3 Conjurations
 + Level 7.0 Air Magic


You had 6 spell levels left.
You knew the following spells:

 Your Spells              Type           Power        Failure   Level  Hunger
a - Shock                 Conj/Air       ###.         4%          1    #......


Dungeon Overview and Level Annotations

Branches:
Dungeon (4/15)
 Temple: D:4-7

Altars:

Annotations:
D:1 Natasha
D:4 Blork the orc


Innate Abilities, Weirdness & Mutations

You have a beak for a mouth.
You have claws for feet.


Message History

Blork the orc closely misses you.
Unknown command.
Casting: Shock
Confirm with . or Enter, or press ? or * to list all spells.
Aiming: Shock
Press: ? - help, Shift-Dir - straight line, f/p - Blork the orc
Aim: Blork the orc, wielding a vampiric trident and wearing a robe (severely wounded, fast)
The zap hits Blork the orc.
Blork the orc is severely wounded.
The zap hits the howler monkey.
The howler monkey is almost dead.
The zap hits the howler monkey.
You kill the howler monkey!
Your Air Magic skill increases to level 7!
The zap hits Blork the orc.
Blork the orc is almost dead.
Blork the orc screams, "I'll cover the dungeon with your blood!"
Blork the orc casts a spell at you. The puff of flame hits you!
You die...

# ...... # ......# #
....... ## ..h....
.####..
...>...######.##
.......
............... .###
#.†# .# ...### ##o#
###.# .....#### #@#
#... #.##....# #.###.#
#.#####.# #.#...# #.##
#.########.#...#
#..####..............#
........###.####.....#
##..##### #.# ##....#
##.# #.#####...## #.#
#....####.#####


You could see Blork the orc.

Vanquished Creatures
  A howler monkey (D:4)
  Natasha (D:1)
  2 adders
  An ooze (D:1)
  An adder skeleton (D:4)
  A giant cockroach (D:4)
  2 goblins
  2 quokkas (D:4)
  2 bats
  2 frilled lizards
  A kobold (D:3)
  A rat (D:2)
17 creatures vanquished.

Notes
Turn   | Place    | Note
-------+----------+-------------------------------------------
     0 | D:1      | M4edhros the Tengu Air Elementalist began the quest for the Orb.
     0 | D:1      | Reached XP level 1. HP: 10/10 MP: 4/4
   102 | D:1      | Reached XP level 2. HP: 6/15 MP: 1/6
   248 | D:2      | Noticed Natasha
   256 | D:1      | Killed Natasha
   256 | D:1      | Reached skill level 5 in Air Magic
   256 | D:1      | Reached XP level 3. HP: 8/19 MP: 1/7
   259 | D:1      | Noticed Natasha
   375 | D:2      | Reached skill level 6 in Air Magic
   731 | D:4      | Reached XP level 4. HP: 10/24 MP: 3/8
   960 | D:4      | Noticed Blork the orc
   970 | D:4      | Reached skill level 7 in Air Magic
   970 | D:4      | Killed from afar by Blork the orc

Vault maps used:
D:1:      sevenhm_arrival_forest_fort_small_6
D:2:      hangedman_abyss_or_decor_stabs, st_stairs_13, uniq_natasha
D:3:      nicolae_underground_beach
D:4:      first_bread, fedhas_altar_4, uniq_blork_the_orc, uniq_grinder

Skill      XL: |  1  2  3  4 |
---------------+-------------+-----
Air Magic      | 5 6 7 |  7.0
Dodging        | |  2.1
Stealth        | |  2.0
Spellcasting   | |  2.0
Conjurations   | |  1.3

Action                   |  1- 3 |  4- 6 || total
-------------------------+-------+-------++-------
Melee: Unarmed           |     4 |       ||     4
       Kick              |     2 |       ||     2
       Hand axe          |     7 |     5 ||    12
       Peck              |     1 |     1 ||     2
 Cast: Shock             |    32 |     9 ||    41
  Use: Potion            |       |     1 ||     1
Armor: Robe              |     6 |     1 ||     7
Dodge: Dodged            |    16 |     5 ||    21
